AoeStats
← gx5v163237

Arabian Desert

509536533Analyzed
1v1 RM · 6d ago on Sep 27, 2026· 42m 36s· 2 players
Game mode
Random Map
Map size
Tiny (2 player)
Population
200
Speed
Normal
Resources
Standard
Victory
Conquest
Starting age
Dark Age
Ending age
Imperial Age
RankedLock teamsTeams togetherTeam positionsShared explorationLock speedFull tech treeHidden civsTurbo modeCheats
Victory
Defeat
🇺🇸 Persians · United States
1315
+14
🇹🇼 Japanese · Taiwan
1274
-14
gx5v163237
7:28 Loom
10:24 Feudal Age
10:50 Man-at-Arms
17:51 Fletching
21:06 Castle Age
20:40 Gold Mining
22:18 Bodkin Arrow
22:22 Double-Bit Axe
23:00 Crossbowman
25:32 Pikeman
37:28 Imperial Age
35:51 Padded Archer Armor
39:08 Wheelbarrow
38:54 Town Watch
LMG_Leonardo
6:00 Loom
8:35 Feudal Age
9:01 Double-Bit Axe
16:24 Horse Collar
17:58 Fletching
18:13 Padded Archer Armor
21:23 Wheelbarrow
24:26 Castle Age
22:59 Gold Mining
24:31 Crossbowman
25:09 Bodkin Arrow
26:30 Leather Archer Armor
27:42 Gold Shaft Mining
29:42 Bloodlines
29:34 Husbandry
32:03 Bow Saw
32:17 Scale Barding Armor
35:20 Chain Barding Armor
35:10 Forging
42:02 Imperial Age
41:34 Iron Casting
41:55 Thumb Ring
42:16 Parthian Tactics
43:36 Plate Barding Armor
Connection lost

Rejoining the realm…

Still unreachable

The connection could not be restored.

Session expired

The server has moved on; the page needs a fresh start.